 Dungeon Crawl Stone Soup version 0.25.0-46-gbd7b0854d2 (webtiles) character file.

Game seed: 1995741673406894623

345 Elvor the Bolt Thrower (level 6, -21/53 HPs)
             Began as a Minotaur Hunter on July 17, 2020.
             Demolished by an ogre
             ... wielding a +0 giant club
              (23 damage)
             ... on level 4 of the Dungeon.
             The game lasted 00:25:42 (3204 turns).

Elvor the Bolt Thrower (Minotaur Hunter)            Turns: 3204, Time: 00:25:43

Health: -21/53     AC:  3    Str: 19    XL:     6   Next: 32%
Magic:  5/5        EV: 12    Int:  8    God:
Gold:   203        SH:  0    Dex: 10    Spells: 5/5 levels left

rFire    . . .     SeeInvis .   b - +0 short sword
rCold    . . .     Gourm    .   (no shield)
rNeg     . . .     Faith    .   c - +0 leather armour
rPois    .         Spirit   .   (helmet restricted)
rElec    .         Reflect  .   (no cloak)
rCorr    .         Harm     .   (no gloves)
MR       .....                  (no boots)
Stlth    +.........             (no amulet)
HPRegen  0.17/turn              (no ring)
MPRegen  0.09/turn              (no ring)

@: no status effects
A: retaliatory headbutt, horns 2
a: no special abilities


You were on level 4 of the Dungeon.
You were hungry.

You visited 1 branch of the dungeon, and saw 5 of its levels.

You collected 203 gold pieces.

Inventory:

Hand Weapons
 a - a +1 hand crossbow
 b - a +0 short sword (weapon)
 e - a +0 long sword
 q - a cursed -3 mace
 x - a +1 vorpal quarterstaff
Missiles
 d - 15 bolts
 n - 7 boomerangs (quivered)
Armour
 c - a +0 leather armour (worn)
Scrolls
 h - 2 scrolls of enchant weapon
 k - 2 scrolls of enchant armour {unknown}
 o - a scroll of immolation {unknown}
 r - a scroll of teleportation {unknown}
 t - a scroll of magic mapping {unknown}
Potions
 g - 2 potions of degeneration
 i - a potion of heal wounds {unknown}
 j - 2 potions of stabbing
 l - 2 potions of brilliance
 m - a potion of curing
 p - 2 potions of resistance
 s - a potion of lignification {unknown}
 v - a potion of haste {unknown}
 w - 2 potions of magic {unknown}
Comestibles
 f - 7 rations
 u - 9 chunks of flesh


   Skills:
 * Level 4.7 Fighting
 + Level 1.1 Short Blades
 + Level 6.1 Crossbows
 * Level 3.0 Armour
 + Level 3.0 Dodging
 + Level 1.1 Stealth


You had 5 spell levels left.
You didn't know any spells.
Your spell library was empty.

Dungeon Overview and Level Annotations

Branches:
Dungeon (5/15)
 Temple: D:4-7

Altars:
Ashenzari
Cheibriados
Kikubaaqudgha
Wu Jian
Xom


Innate Abilities, Weirdness & Mutations

You reflexively headbutt those who attack you in melee.
You have a pair of horns on your head.


Message History

There is a stone staircase leading down here.
You hit the ogre.
The ogre is moderately wounded.
The ogre closely misses you.
You hit the ogre.
The ogre is moderately wounded.
You hit the ogre.
The ogre is heavily wounded.
The ogre closely misses you.
You hit the ogre.
The ogre is severely wounded.
The ogre hits you with a +0 giant club!
You barely miss the ogre.
The ogre is severely wounded.
The ogre hits you with a +0 giant club!
* * * LOW HITPOINT WARNING * * *
You hit the ogre but do no damage.
The ogre is severely wounded.
The ogre hits you with a +0 giant club!!
You die...

#...⌠..≈....##..............#
###.#...≈≈≈≈..#....############
....##..≈≈≈≈[.##.###
##..##.≈≈≈≈≈.....#
###.#...≈.....#..# #
#.#...≈.....#..# #
#.#._≈....⌠.#..#
###.#....##...#[.#
....########..#.@##
###............O..### #
###....######.#...# #
#.........>.....#.#
###..............##.#
........########.##.# #########
###.....# #.##.# #........
#.....# #.##.# #.#######
###.### #.##.# #........


You could see an ogre.

Vanquished Creatures
  An ogre (D:4)
  2 orc priests
  2 orc wizards (D:3)
  2 worker ants (D:4)
  4 adders
  An ooze (D:4)
  An adder skeleton (D:4)
  A worm (D:3)
  4 leopard geckos
  8 orcs
  4 bats
  A giant cockroach (D:1)
  6 goblins
  2 hobgoblins
  3 jackals (D:4)
  5 kobolds
  A ball python (D:1)
  3 frilled lizards
  3 rats
54 creatures vanquished.

Notes
Turn   | Place    | Note
-------+----------+-------------------------------------------
     0 | D:1      | Elvor the Minotaur Hunter began the quest for the Orb.
     0 | D:1      | Reached XP level 1. HP: 18/18 MP: 0/0
   234 | D:1      | Reached XP level 2. HP: 25/25 MP: 1/1
   302 | D:1      | Found a shimmering altar of Xom.
   756 | D:1      | Reached skill level 1 in Armour
   878 | D:2      | Found an ornate altar of the Wu Jian Council.
   878 | D:2      | Found a snail-covered altar of Cheibriados.
  1293 | D:2      | Reached XP level 3. HP: 20/31 MP: 2/2
  1355 | D:2      | Reached skill level 5 in Crossbows
  1917 | D:3      | Reached XP level 4. HP: 38/38 MP: 3/3
  1987 | D:3      | Reached skill level 1 in Stealth
  1987 | D:3      | Reached XP level 5. HP: 35/46 MP: 4/4
  2242 | D:3      | Found a shattered altar of Ashenzari.
  2430 | D:4      | Found an ancient bone altar of Kikubaaqudgha.
  3029 | D:4      | Noticed an ogre
  3034 | D:4      | Killed an ogre
  3034 | D:4      | Reached skill level 1 in Short Blades
  3034 | D:4      | Reached skill level 6 in Crossbows
  3034 | D:4      | Reached XP level 6. HP: 39/53 MP: 5/5
  3171 | D:5      | Entered Level 5 of the Dungeon
  3203 | D:4      | HP: 2/53 [ogre/+0 giant club (16)]
  3204 | D:4      | Demolished by an ogre

Illustrated notes

Levels and vault maps discovered:
D:1:      dpeg_arrival_simpleton_b, layout_basic, xom_teletrap_fun
D:2:      layout_basic, grunt_temple_overflow_open, minmay_between
D:3:      layout_loops_ring, lemuel_doored_altar, kennysheep_nondescript
D:4:      layout_loops_ring, kiku_gazebo_pond_becter
D:5:      layout_basic, minmay_temple_entry_overgrown, first_ration,
          serial_shops, shop

Skill      XL: |  1  2  3  4  5 |
---------------+----------------+-----
Armour         | 1 2 3 |  3.0
Fighting       | 3 4 |  4.7
Crossbows      | 5 6 |  6.1
Stealth        | 1 |  1.1
Short Blades   | 1 |  1.1
Dodging        | 3 |  3.0

Action                   |  1- 3 |  4- 6 || total
-------------------------+-------+-------++-------
Melee: Short sword       |     8 |    50 ||    58
       Headbutt          |     1 |    10 ||    11
 Fire: Hand crossbow     |    65 |    46 ||   111
  Use: Scroll            |     5 |     1 ||     6
       Potion            |     2 |     1 ||     3
  Eat: Chunk             |     2 |     1 ||     3
       Ration            |     1 |       ||     1
Armor: Leather armour    |     6 |     7 ||    13
Dodge: Dodged            |    13 |    31 ||    44
